 Dungeon Crawl Stone Soup version 0.29.0-4-gdea44cf6ec (webtiles) character file.

Game seed: 14635947555966285105

72 qw the Ruffian (level 4, 0/44 HPs)
             Began as a Troll Cinder Acolyte on Aug 31, 2022.
             Was a High Priest of Ignis.
             Succumbed to a gnoll's poison
             ... on level 2 of the Dungeon.
             The game lasted 00:00:47 (917 turns).

qw the Ruffian (Troll Cinder Acolyte)                Turns: 917, Time: 00:00:47

Health: 0/44       AC: 11    Str: 24    XL:     4   Next: 6%
Magic:  4/4        EV:  9    Int: 10    God:    Ignis [*****.]
Gold:   42         SH:  0    Dex:  5    Spells: 5/5 levels left

rFire   + . .      SeeInvis .     - Unarmed
rCold   . . .      Faith    .   (no shield)
rNeg    . . .      Spirit   .   a - +0 robe
rPois   .          Reflect  .   (helmet restricted)
rElec   .          Harm     .   (no cloak)
rCorr   .          Rampage  .   (gloves unavailable)
Will    .....                   (boots unavailable)
Stlth   +.........              (no amulet)
HPRegen 0.94/turn               (no ring)
MPRegen 0.09/turn               (no ring)

@: lethally poisoned (0 -> -7), fiery-armoured
A: large, unfitting armour, claws 3, regeneration 1, shaggy fur 1, tough skin 1
a: Renounce Religion, Fiery Armour, Foxfire Swarm, Rising Flame


You were on level 2 of the Dungeon.
You worshipped Ignis.
Ignis was extremely pleased with you.
You visited 1 branch of the dungeon, and saw 2 of its levels.

You collected 42 gold pieces.


Innate Abilities, Weirdness & Mutations

You are too large for most types of armour.
You have claws for hands.
Your natural rate of healing is unusually fast.
You are covered in fur. (AC +1)
You have tough skin. (AC +1)


   Skills:
 - Level 2.4 Fighting
 + Level 5.0 Unarmed Combat
 - Level 1.0 Spellcasting
 - Level 2.1 Fire Magic


You had 5 spell levels left.
You didn't know any spells.
Your spell library contained the following spells:

 Spells                   Type           Power      Damage    Failure   Level
 Scorch                   Fire           8%         2d5       22%         2

Inventory:

Armour
 a - a +0 robe (worn)
Scrolls
 f - a scroll of fear {unknown}
Potions
 b - a potion of resistance
 c - a potion of cancellation
 d - a potion of might {unknown}
 e - a potion of attraction {unknown}
 g - a potion of invisibility {unknown}

Dungeon Overview and Level Annotations

Branches:
Dungeon (2/15)

Altars:


Message History

You become entangled in the net!
You struggle against the net.
You feel very sick.
The gnoll hits you with a +2 flail of venom.
You are more poisoned.
The gnoll is burned by your cloak of flames.
The gnoll is heavily wounded.
913 ||| Stepping ~*~*~tactically~*~*~ (outnumbered).
You struggle against the net.
You feel very sick.
The gnoll hits you with a +2 flail of venom.
The gnoll is burned by your cloak of flames.
The gnoll is severely wounded.
The gnoll barely misses you.
914 ||| Stepping ~*~*~tactically~*~*~ (outnumbered).
You struggle against the net.
You feel very sick. The gnoll hits you but does no damage.
The gnoll is burned by your cloak of flames.
The gnoll is moderately wounded.
The gnoll hits you with a +2 flail of venom!
You are lethally poisoned!
The gnoll is burned by your cloak of flames.
You kill the gnoll!
Your Unarmed Combat skill increases to level 5!
You have reached level 4!
You struggle against the net.
You feel very sick. The gnoll hits you with a +0 flail.
The gnoll is burned by your cloak of flames.
The gnoll is severely wounded.
916 ||| Stepping ~*~*~tactically~*~*~ (outnumbered).
You shred the net and break free!
You feel very sick. The hobgoblin closely misses you.
The gnoll hits you but does no damage.
The gnoll is burned by your cloak of flames.
The gnoll is almost dead.
917 ||| Stepping ~*~*~tactically~*~*~ (outnumbered).
The gnoll attacks as you move away! The gnoll barely misses you.
You die...

####### #[....# ##.....#
#......# #.....## #.....#
######...?@###+#+#.
##..........'gS.....
#####.)#........#g......
##...>.##...######.#.####
#......##...# .# ..
#...........# .# #.#
#...........# .. #
#...........# ##
#......######


You could see a gnoll, a hobgoblin and a ball python.

Vanquished Creatures
  2 gnolls (D:2)
  A dart slug (D:1)
  5 bats (D:1)
  4 endoplasms
  A giant cockroach (D:1)
  6 goblins
  4 hobgoblins (D:1)
  2 jackals (D:1)
  A quokka (D:1)
  6 ball pythons
  3 frilled lizards
  6 kobolds (D:1)
  3 rats
44 creatures vanquished.

Notes
Turn   | Place    | Note
-------+----------+-------------------------------------------
     0 | D:1      | qw the Troll Cinder Acolyte began the quest for the Orb.
     0 | D:1      | Reached XP level 1. HP: 22/22 MP: 1/1
     0 | D:1      | 0 ||| qw: Version: 0.1-a-97-g2dd2ca4
     0 | D:1      | 0 ||| qw: Game counter: 4615
     0 | D:1      | 0 ||| qw: Always use a shield: true
     0 | D:1      | 0 ||| qw: God list: Okawaru
     0 | D:1      | 0 ||| qw: Allow faded altars: false
     0 | D:1      | 0 ||| qw: Do Orc after D:15 true
     0 | D:1      | 0 ||| qw: Do second Lair branch before Depths: true
     0 | D:1      | 0 ||| qw: Lair rune preference: random
     0 | D:1      | 0 ||| qw: Plans: Normal
     0 | D:1      | 0 ||| PLANNING D:1-11
    35 | D:1      | 35 ||| Stepping ~*~*~tactically~*~*~ (stealth).
    42 | D:1      | 42 ||| Stepping ~*~*~tactically~*~*~ (outnumbered).
    43 | D:1      | 43 ||| INVOKING Fiery Armour.
    45 | D:1      | Reached XP level 2. HP: 24/29 MP: 2/2
    48 | D:1      | 48 ||| Stepping ~*~*~tactically~*~*~ (outnumbered).
    50 | D:1      | 50 ||| Stepping ~*~*~tactically~*~*~ (outnumbered).
   148 | D:1      | Reached skill level 4 in Unarmed Combat
   344 | D:1      | Reached XP level 3. HP: 33/36 MP: 3/3
   357 | D:1      | 357 ||| Stepping ~*~*~tactically~*~*~ (stealth).
   359 | D:1      | 359 ||| Stepping ~*~*~tactically~*~*~ (stealth).
   360 | D:1      | 360 ||| Stepping ~*~*~tactically~*~*~ (stealth).
   361 | D:1      | 361 ||| Stepping ~*~*~tactically~*~*~ (stealth).
   432 | D:1      | 432 ||| Stepping ~*~*~tactically~*~*~ (stealth).
   444 | D:1      | 444 ||| Stepping ~*~*~tactically~*~*~ (stealth).
   445 | D:1      | 445 ||| Stepping ~*~*~tactically~*~*~ (stealth).
   803 | D:1      | 803 ||| READING scroll labelled LEUNIS UQUCEOD.
   804 | D:1      | 804 ||| DRINKING 2 bubbling dark potions.
   805 | D:1      | 805 ||| DRINKING 2 black potions.
   909 | D:2      | 909 ||| INVOKING Fiery Armour.
   913 | D:2      | 913 ||| Stepping ~*~*~tactically~*~*~ (outnumbered).
   914 | D:2      | 914 ||| Stepping ~*~*~tactically~*~*~ (outnumbered).
   915 | D:2      | Reached skill level 5 in Unarmed Combat
   915 | D:2      | Reached XP level 4. HP: 12/44 MP: 4/4
   915 | D:2      | HP: 8/44 [poisoned by a gnoll]
   916 | D:2      | 916 ||| Stepping ~*~*~tactically~*~*~ (outnumbered).
   916 | D:2      | HP: 2/44 [poisoned by a gnoll]
   917 | D:2      | 917 ||| Stepping ~*~*~tactically~*~*~ (outnumbered).
   917 | D:2      | Succumbed to a gnoll's poison

Levels and vault maps discovered:
D:1:      minmay_arrival_diagonal_passages, layout_basic
D:2:      layout_basic

Skill      XL: |  1  2  3 |
---------------+----------+-----
Unarmed Combat | 4 5 |  5.0
Fighting       | |  2.4
Spellcasting   | |  1.0
Fire Magic     | |  2.1

Action                   |  1- 3 |  4- 6 || total
-------------------------+-------+-------++-------
Melee: Unarmed           |    89 |       ||    89
       Punch             |     3 |       ||     3
Invok: Fiery Armour      |     2 |       ||     2
  Use: Potion            |     2 |       ||     2
       Scroll            |     1 |       ||     1
Armor: Robe              |    29 |     1 ||    30
Dodge: Dodged            |    49 |     2 ||    51

Table legend:
 A = Non-vault XP
 B = Vault XP
 C = Vault XP percentage of total XP
 D = Non-vault monster count
 E = Vault monster count
 F = Vault count percentage of total count
                 A         B        C        D         E       F
            +---------+---------+-------+---------+---------+-------
      Total |     103 |       0 |   0.0 |      44 |       0 |   0.0
            +---------+---------+-------+---------+---------+-------
        D:1 |      65 |       0 |   0.0 |      36 |       0 |   0.0
        D:2 |      38 |       0 |   0.0 |       8 |       0 |   0.0
            +---------+---------+-------+---------+---------+-------
